Map: Frost LE

Players

Major (SpeCial) - Winner!

  • Race: Terran Terran
  • League: Master

SortOf

  • Race: Zerg Zerg
  • League: Master

Event: DreamHack ZOWIE Open Valencia 2016

VOD

Have the link to the VOD?

Description

Time

  • Played on: July 15, 2016, 6:58 a.m.
  • Length: 17:41

All games in this series

Show
View Real Time Build Order
Export as new Build Order

Major Terran - Winner!

Build Orders: Liberator Opening, Reaper Expand 

Get SALT Encoding   

  12  0:00  SCV  
  13  0:13  SCV  
  14  0:17  Supply Depot  
  14  0:25  SCV  
  15  0:39  SCV  
  15  0:41  Barracks  
  16  0:44  Refinery  
  16  0:51  SCV  
  17  1:03  SCV  
  18  1:15  SCV  
  19  1:28  Orbital Command, Reaper  
  20  1:41  Command Center  
  20  1:51  Supply Depot  
  20  1:54  SCV  
  20  2:00  Marine  
  22  2:10  Factory, SCV  
  23  2:22  SCV, Refinery  
  24  2:23  Barracks Reactor  
  24  2:34  SCV  
  25  2:46  SCV  
  26  2:53  Orbital Command  
  26  2:56  Starport  
  26  2:58  SCV  
  26  3:05  Hellion  
  29  3:06  Hellion  
  29  3:10  SCV  
  32  3:13  Barracks Reactor  
  32  3:18  Liberator  
  32  3:23  SCV x2  
  34  3:28  Hellion x2  
  34  3:32  Supply Depot  
  38  3:35  SCV x2  
  43  3:47  SCV x2  
  45  3:54  Supply Depot  
  45  3:57  Hellion x2  
  49  4:03  SCV x2  
  51  4:14  Liberator  
  51  4:17  Command Center  
  51  4:19  Supply Depot  
  51  4:20  Hellion x2  
  51  4:21  SCV x2  
  51  4:23  Liberator  
  57  4:33  SCV  
  57  4:34  SCV  
  62  4:42  Supply Depot  
  65  4:49  Hellion  
  65  4:51  SCV  
  65  4:52  SCV  
  69  5:04  SCV x2, Hellion  
  69  5:06  Supply Depot  
  73  5:10  Refinery  
  73  5:11  Refinery  
  73  5:13  Starport  
  72  5:14  Starport, Liberator  
  72  5:16  SCV x2  
  72  5:19  Hellion  
  76  5:25  Hellion  
  78  5:29  SCV x2  
  78  5:34  Liberator  
  83  5:41  SCV x2  
  85  5:46  Orbital Command  
  85  5:48  Liberator  
  87  5:50  Hellion  
  87  5:53  SCV  
  87  5:54  SCV  
  87  5:55  Engineering Bay  
  92  6:00  Hellion  
  94  6:05  Refinery  
  94  6:07  Refinery  
  96  6:11  Hellion  
  96  6:14  Liberator  
  94  6:21  Hellion  
  94  6:22  SCV x3  
  92  6:28  Armory  
  92  6:32  Hellion, Barracks Tech Lab  
  97  6:34  SCV x2  
  97  6:35  SCV  
  97  6:39  Supply Depot x2  
  100  6:46  SCV, Liberator  
  101  6:50  Liberator  
  101  6:53  Starport Tech Lab  
  101  6:55  Liberator  
  101  7:00  SCV x3, Hellion x2  
  108  7:03  Supply Depot  
  108  7:05  Supply Depot  
  108  7:06  Supply Depot  
  117  7:20  Liberator  
  117  7:22  Supply Depot x2, Terran Ship Weapons Level 1  
  117  7:24  SCV x3  
  117  7:25  Missile Turret  
  117  7:28  Missile Turret  
  117  7:29  Liberator  
  120  7:30  Hellion x2  
  120  7:36  SCV  
  125  7:42  Supply Depot  
  128  7:46  SCV  
  128  7:47  SCV  
  128  7:49  SCV  
  133  7:51  Liberator  
  133  7:52  Liberator  
  117  8:06  SCV x2, Hellion x2  
  117  8:14  Liberator x2  
  117  8:17  Orbital Command  
  104  8:20  SCV x2  
  104  8:26  Orbital Command  
  99  8:27  Hellion x2  
  99  8:32  SCV  
  101  8:36  SCV  
  92  8:44  SCV  
  93  8:48  SCV  
  93  8:51  Banshee x2  
  93  8:52  SCV  
  101  8:56  SCV  
  101  9:00  SCV  
  101  9:01  Hellion x2  
  107  9:04  SCV  
  107  9:08  SCV, Orbital Command  
  109  9:13  SCV, Missile Turret  
  109  9:14  Viking x2  
  114  9:20  SCV  
  110  9:25  SCV  
  110  9:29  Hellion x2  
  114  9:32  SCV  
  114  9:34  Banshee  
  114  9:37  SCV  
  118  9:40  SCV  
  118  9:41  Viking  
  118  9:44  SCV, Viking x2  
  126  9:49  SCV  
  120  9:54  SCV  
  120  9:57  SCV  
  121  10:01  SCV  
  121  10:04  Hellion x2  
  121  10:06  SCV  
  127  10:08  Terran Ship Weapons Level 2  
  127  10:09  SCV  
  127  10:13  SCV, Viking  
  129  10:18  SCV  
  129  10:19  Missile Turret  
  129  10:21  SCV  
  131  10:24  Missile Turret  
  131  10:26  Fusion Core  
  131  10:33  Hellion x2  
  125  10:35  Viking  
  125  10:36  Viking  
  129  10:46  Missile Turret  
  129  10:49  Banshee, Missile Turret  
  132  10:50  Banshee  
  127  11:05  Viking  
  127  11:08  Liberator  
  127  11:10  Command Center  
  128  11:14  Hellion x2  
  128  11:16  Cloaking Field  
  132  11:18  Hyperflight Rotors  
  135  11:32  Banshee x2  
  138  11:35  Hellion x2  
  138  11:36  Viking  
  147  11:40  Armory  
  147  11:42  Missile Turret  
  147  11:47  Command Center  
  147  11:57  Hellion x2  
  147  11:59  Missile Turret  
  151  12:06  Viking  
  151  12:07  Viking  
  151  12:08  Missile Turret  
  155  12:19  Hellion x2, Liberator  
  155  12:20  Liberator  
  153  12:29  Terran Vehicle And Ship Armor Level 1, Terran Ship Weapons Level 3  
  151  12:36  Banshee  
  157  12:40  Hellion x2  
  164  12:45  Advanced Ballistics  
  164  12:58  Planetary Fortress  
  164  13:00  Refinery x2  
  164  13:01  Hellion  
  164  13:02  Hellion, Missile Turret, Viking  
  167  13:19  Viking x2  
  158  13:28  Viking  
  158  13:29  Hellion  
  158  13:31  Hellion  
  158  13:32  Viking  
  163  13:36  Orbital Command  
  163  13:49  Viking  
  163  13:50  Missile Turret  
  163  13:52  Hellion  
  163  13:53  Hellion  
  169  13:58  Viking  
  169  14:03  Liberator  
  169  14:04  Liberator  
  169  14:05  Starport  
  169  14:06  SCV  
  166  14:19  Viking  
  172  14:25  Hellion x2  
  172  14:28  Viking  
  175  14:40  Liberator  
  175  14:44  Command Center  
  161  14:45  Starport Tech Lab  
  161  14:46  Hellion x2, Terran Vehicle And Ship Armor Level 2, Starport  
  161  14:49  Viking  
  163  14:54  Missile Turret  
  166  15:01  Liberator  
  166  15:03  Banshee x2  
  166  15:04  Missile Turret  
  166  15:05  Hi-Sec Auto Tracking  
  168  15:07  Missile Turret  
  168  15:08  Hellion x2  
  171  15:23  Liberator  
  171  15:25  Command Center  
  171  15:29  Hellion x2  
  169  15:41  Missile Turret  
  167  15:50  Hellion x2  
  150  16:07  Liberator x2  
  150  16:10  Banshee x2  
  133  16:12  Hellion x2  
  133  16:16  Banshee  
  133  16:33  Hellion x2  
  137  16:47  Starport Reactor  
  137  16:53  Banshee x2  
  143  16:54  Hellion  
  143  16:55  Hellion  
  150  17:07  Viking x2  
  154  17:16  Hellion x2  
Show
View Real Time Build Order
Export as new Build Order

SortOf Zerg 

Build Orders: Hatch First 

Get SALT Encoding   

  12  0:00  Drone  
  13  0:12  Overlord  
  13  0:17  Drone  
  14  0:31  Drone x2  
  17  0:35  Drone  
  17  0:54  Hatchery  
  17  0:56  Drone  
  17  0:59  Drone  
  17  1:04  Extractor  
  17  1:08  Drone  
  18  1:18  Spawning Pool  
  18  1:21  Drone  
  18  1:28  Drone  
  19  1:38  Overlord  
  19  1:50  Drone  
  20  2:05  Metabolic Boost, Queen  
  20  2:06  Zergling x4  
  20  2:08  Queen  
  24  2:13  Zergling x2  
  27  2:17  Drone  
  27  2:22  Drone  
  29  2:34  Drone  
  29  2:35  Drone  
  31  2:38  Overlord  
  31  2:41  Queen  
  33  2:46  Drone  
  33  2:49  Pneumatized Carapace  
  33  2:54  Drone, Overlord  
  34  3:02  Drone  
  35  3:09  Drone  
  35  3:11  Drone  
  37  3:14  Drone x2  
  39  3:22  Drone x2  
  39  3:24  Drone x2  
  39  3:26  Zergling x2  
  44  3:34  Hatchery  
  44  3:40  Drone, Queen  
  46  3:43  Drone  
  47  3:48  Overlord  
  47  3:50  Drone x2  
  49  4:00  Lair  
  49  4:01  Overlord  
  49  4:04  Zergling x6  
  49  4:09  Drone x2  
  54  4:14  Overlord  
  54  4:15  Queen  
  56  4:22  Zergling x8  
  59  4:27  Spore Crawler  
  59  4:28  Drone x2  
  59  4:30  Extractor  
  59  4:31  Drone, Extractor  
  58  4:49  Drone x5  
  58  4:52  Queen  
  61  4:55  Drone x2  
  61  4:56  Drone  
  61  4:58  Drone x2  
  67  5:03  Drone  
  68  5:10  Spire  
  68  5:11  Drone x2, Extractor  
  68  5:13  Drone  
  69  5:14  Overlord  
  69  5:15  Drone  
  69  5:18  Drone x2  
  72  5:23  Queen  
  72  5:25  Drone  
  74  5:30  Overlord  
  74  5:33  Queen  
  74  5:35  Overseer  
  74  5:46  Spore Crawler  
  74  5:48  Zergling x8  
  78  5:52  Drone x2  
  78  5:54  Drone x2  
  79  5:59  Drone  
  79  6:02  Drone  
  80  6:10  Drone  
  78  6:20  Drone  
  77  6:29  Mutalisk  
  77  6:32  Mutalisk  
  79  6:36  Mutalisk x2  
  85  6:43  Drone x2  
  85  6:44  Drone  
  88  6:51  Mutalisk x3  
  94  6:54  Overlord  
  94  6:56  Drone x3  
  97  7:01  Roach Warren  
  97  7:02  Overlord  
  94  7:10  Zerg Flyer Weapons Level 1  
  94  7:14  Overlord  
  92  7:21  Drone x3  
  92  7:22  Drone  
  96  7:23  Evolution Chamber x2, Drone x3  
  96  7:24  Extractor  
  96  7:32  Corruptor x2  
  100  7:39  Corruptor x2  
  100  7:43  Roach x3  
  110  7:48  Roach x2  
  106  8:06  Roach x4  
  106  8:11  Roach  
  114  8:13  Glial Reconstitution  
  114  8:14  Overlord x3  
  114  8:16  Roach x2  
  111  8:24  Roach x4  
  111  8:25  Roach  
  111  8:34  Extractor  
  111  8:36  Drone  
  111  8:37  Drone x4  
  111  8:39  Drone x3  
  118  8:44  Drone x3  
  118  8:48  Hatchery  
  119  8:51  Zerg Ground Armor Level 1  
  119  8:55  Zerg Missile Weapons Level 1  
  119  9:03  Ravager  
  119  9:04  Ravager x2  
  119  9:05  Roach  
  119  9:06  Roach  
  123  9:15  Roach x6  
  134  9:31  Corruptor  
  134  9:33  Infestation Pit  
  134  9:37  Queen  
  129  9:39  Drone x3  
  129  9:43  Roach x3  
  138  9:51  Extractor  
  137  9:53  Extractor, Corruptor  
  137  9:54  Corruptor  
  137  9:57  Queen  
  137  9:59  Queen  
  140  10:03  Zergling x2  
  140  10:04  Zergling x2  
  140  10:05  Zergling x2  
  143  10:07  Zergling x2  
  143  10:10  Overlord  
  143  10:13  Zerg Flyer Weapons Level 2  
  144  10:15  Overlord x3  
  144  10:20  Spine Crawler  
  144  10:21  Spore Crawler, Queen  
  144  10:34  Corruptor x4  
  152  10:35  Burrow  
  152  10:37  Zergling x8  
  154  10:47  Hive  
  154  10:51  Drone x4  
  154  10:53  Corruptor  
  160  10:57  Ravager  
  160  10:58  Ravager x2  
  160  11:00  Zergling x12  
  165  11:16  Corruptor x3  
  166  11:21  Queen x2  
  170  11:30  Drone x3  
  173  11:35  Drone x2  
  173  11:36  Overlord  
  175  11:44  Hatchery  
  175  11:45  Overseer  
  174  11:53  Overlord  
  174  11:55  Infestor x2  
  174  11:56  Infestor x3  
  174  11:59  Overlord  
  183  12:06  Spore Crawler  
  183  12:08  Spine Crawler  
  181  12:13  Drone x2  
  181  12:14  Drone, Corruptor x2  
  178  12:24  Drone  
  178  12:28  Zergling x2  
  172  12:30  Corruptor x3  
  172  12:35  Zerg Flyer Weapons Level 3  
  177  12:47  Viper x2  
  182  13:00  Queen  
  178  13:15  Overseer  
  172  13:25  Overseer  
  164  13:27  Drone x9  
  164  13:29  Drone x3, Queen  
  177  13:45  Corruptor x4  
  185  13:52  Drone x2  
  184  14:02  Hatchery  
  183  14:08  Drone x3, Spore Crawler  
  183  14:09  Spore Crawler  
  184  14:16  Zergling x2  
  186  14:17  Zergling x12  
  183  14:27  Drone x4  
  186  14:42  Hatchery  
  186  14:44  Roach x4  
  188  14:48  Overseer  
  188  14:54  Ravager x4  
  192  15:01  Spine Crawler  
  189  15:10  Zergling x12  
  184  15:33  Drone  
  184  15:34  Drone x5  
  183  15:35  Drone x2  
  107  16:16  Corruptor x7  
  109  16:21  Infestor  
  109  16:25  Roach  
  98  16:29  Drone x3  
  99  16:46  Infestor x3  
  105  17:01  Drone x3  
  105  17:02  Drone x4  
  105  17:03  Viper, Drone x2  
  117  17:14  Drone  
  117  17:15  Drone x3  
  120  17:16  Drone  
  120  17:20  Ravager  
  120  17:21  Ravager x5  

Tags
 
Add a new tag
Caveats
  • Supply blocks, unpowered buildings, or Contaminate may cause inaccurate times.
  • Supply counts are checked every 10 seconds.